 Dungeon Crawl Stone Soup version 0.30-a0-358-g0d69a1922f (webtiles) character file.

Game seed: 8799094519866526849

1967 jlumianski the Chopper (level 9, -9/68 HPs)
             Began as a Demonspawn Fighter on Nov 8, 2022.
             Mangled by an orc warrior
             ... wielding a +0 war axe
              (23 damage)
             ... in a bailey.
             The game lasted 00:36:01 (6378 turns).

jlumianski the Chopper (Demonspawn Fighter)         Turns: 6378, Time: 00:36:04

Health: -9/68      AC: 18    Str: 21    XL:     9   Next: 0%
Magic:  9/9        EV:  7    Int: 10    God:
Gold:   106        SH: 10    Dex: 12    Spells: 8/8 levels left

rFire   . . .      SeeInvis .    a - +1 war axe
rCold   . . .      Faith    .    c - +0 buckler
rNeg    . . .      Spirit   .    o - +0 chain mail
rPois   .          Reflect  +    (helmet restricted)
rElec   .          Harm     .    u - +0 cloak
rCorr   +          Rampage  .    v - +0 pair of gloves
Will    .....                    (no boots)
Stlth   ..........               w - amulet of reflection
HPRegen 0.31/turn                j - ring of resist corrosion
MPRegen 0.11/turn                (no ring)

@: sanguine armoured
A: antennae 1, foul stench 3, powered by death 1, sanguine armour 1
a: no special abilities


You were in a bailey.
You visited 2 branches of the dungeon, and saw 9 of its levels.
You also visited: Bailey.

You collected 261 gold pieces.
You spent 155 gold pieces at shops.

Inventory:

Hand Weapons
 a - a +1 war axe (weapon)
 t - a +2 quarterstaff of chaos
Missiles
 g - 28 boomerangs (quivered)
 i - 17 poisoned darts
Armour
 b - a +0 scale mail
 c - a +0 buckler (worn)
 o - a +0 chain mail (worn)
 u - a +0 cloak (worn)
 v - a +0 pair of gloves (worn)
Jewellery
 j - a ring of resist corrosion (left hand)
 k - a ring of ice
 w - an amulet of reflection (around neck)
Wands
 q - a wand of paralysis (5)
 y - a wand of polymorph (6)
 z - a wand of mindburst (14)
Scrolls
 d - a scroll of silence
 f - 3 scrolls of teleportation
 h - 3 scrolls of immolation
 l - a scroll of noise
 m - a scroll of vulnerability
 p - a scroll of blinking
 x - a scroll of fear
Potions
 e - a potion of brilliance
 r - a potion of curing
 s - a potion of haste
 A - a potion of flight
 B - a potion of resistance {unknown}
 C - a potion of attraction {unknown}


   Skills:
 + Level 5.6 Fighting
 + Level 7.3 Axes
 + Level 1.0 Throwing
 + Level 5.0 Armour
 + Level 1.3 Dodging
 + Level 0.4 Stealth
 + Level 4.6 Shields
 * Level 2.3 Evocations


You had 8 spell levels left.
You didn't know any spells.
Your spell library contained the following spells:

 Spells                   Type           Power      Damage    Failure   Level
 Animate Dead             Necr           0%         N/A       100%        4
 Haunt                    Necr/Summ      0%         N/A       100%        7
 Infestation              Necr           0%         N/A       100%        8


Dungeon Overview and Level Annotations

Branches:
Dungeon (8/15)             Temple (1/1) D:5          Bailey (1/1)
   Lair: D:8-11

Altars:
Cheibriados
Dithmenos
Fedhas
Gozag
Hepliaklqana
Kikubaaqudgha
Makhleb
Nemelex Xobeh
Okawaru
Sif Muna
Trog
Uskayaw
Vehumet

Shops:
D:2 ?


Innate Abilities, Weirdness & Mutations

You have a pair of small antennae on your head.
You frequently emit foul miasma when damaged in melee.
You regenerate a little health from kills.
When seriously injured, your blood forms armour. (AC +6)


Message History

The orc knight hits you with a +0 war axe!
Your blood congeals into armour.
The orc warrior is engulfed in dark miasma.
The orc warrior looks even sicker.
The orc warrior seems to slow down.
The orc warrior hits you but does no damage.
You block the orc knight's attack.
You slash the orc knight!
The orc knight is severely wounded.
You hit the orc warrior.
The orc warrior is no longer moving slowly.
The orc warrior is engulfed in dark miasma.
The orc warrior looks even sicker.
The orc warrior hits you but does no damage.
You block the orc knight's attack.
You barely miss the orc knight.
The orc knight is severely wounded.
You barely miss the orc warrior.
The orc warrior is engulfed in dark miasma.
The orc warrior looks as sick as possible!
The orc warrior seems to slow down.
The orc warrior hits you with a +0 war axe!
You block the orc knight's attack.
The orc warrior is engulfed in dark miasma.
The orc warrior looks as sick as possible!
The orc warrior closely misses you.
You closely miss the orc knight.
The orc knight is severely wounded.
You hit the orc warrior but do no damage.
The orc warrior is no longer moving slowly.
The orc knight hits you with a +0 war axe.
* * * LOW HITPOINT WARNING * * *
Okay, then.
You barely miss the orc knight.
The orc knight is severely wounded.
You hit the orc warrior but do no damage.
The orc knight hits you with a +0 war axe.
* * * LOW HITPOINT WARNING * * *
You block the orc warrior's attack.
The orc warrior hits you with a +0 war axe!!
You die...

###+### ##..(..##
#...8...# #∩[...)∩
#..... ####'oo####
##~....@..~##
#####~~.......~~#####
#....~~.......~~....#
#.###~~.......~~###.#
#....~~.......~~....#
#.###~~.......~~###)#
#....~~.......~~....#
#.###~~.......~~###.#
#....~~.......~~....#


You could see an orc knight and an orc warrior (strong, extremely poisoned).

Vanquished Creatures
  Sigmund (D:2)
  Edmund (D:4)
  An ice beast (D:5)
  An ogre (D:6)
  A black bear (D:5)
  A centaur (D:5)
  2 kobold brigands (Bailey)
  2 necrophages
  Blork the orc (D:4)
  3 scorpions
  A howler monkey (D:6)
  A vampire bat (D:4)
  5 hounds
  Crazy Yiuf (D:3)
  2 orc priests
  A gnoll bouda (D:4)
  2 iguanas (D:5)
  Terence (D:1)
  4 orc wizards
  3 gnolls (D:4)
  6 adders
  A shadow imp (D:4)
  2 white imps (D:5)
  An ufetubus (D:3)
  3 worms
  4 dart slugs
  21 orcs
  11 ball pythons
  4 endoplasms
  5 giant cockroaches
  16 goblins
  9 hobgoblins
  A quokka (D:2)
  12 bats
  2 frilled lizards
  15 kobolds
  7 rats
155 creatures vanquished.

Vanquished Creatures (others)
  A kobold brigand (Bailey)
  5 plants (D:1)
6 creatures vanquished.

Grand Total: 161 creatures vanquished

Notes
Turn   | Place    | Note
-------+----------+-------------------------------------------
     0 | D:1      | jlumianski the Demonspawn Fighter began the quest for the
                  | Orb.
     0 | D:1      | Reached XP level 1. HP: 18/18 MP: 1/1
   253 | D:1      | Gained mutation: You may rarely emit foul miasma when
                  | damaged in melee. [demonic ancestry]
   253 | D:1      | Reached XP level 2. HP: 24/24 MP: 2/2
   286 | D:2      | Noticed Terence
   300 | D:1      | Killed Terence
   301 | D:1      | Reached skill level 2 in Axes
   301 | D:1      | Reached XP level 3. HP: 19/29 MP: 3/3
   661 | D:2      | You fall into a shaft and drop 2 floors!
   682 | D:3      | Gained mutation: When seriously injured, your blood forms
                  | armour. (AC +6) [demonic ancestry]
   682 | D:3      | Reached XP level 4. HP: 26/37 MP: 4/4
   818 | D:2      | Found a faded altar of an unknown god.
   900 | D:2      | Noticed Sigmund
  1765 | D:3      | Reached skill level 3 in Axes
  1765 | D:3      | Gained mutation: You regenerate a little health from kills.
                  | [demonic ancestry]
  1765 | D:3      | Reached XP level 5. HP: 35/42 MP: 5/5
  2309 | D:3      | Found a runed translucent door.
  2310 | D:3      | Noticed Crazy Yiuf
  2623 | D:2      | Killed Sigmund
  2624 | D:2      | Reached skill level 4 in Axes
  2624 | D:2      | Reached XP level 6. HP: 33/49 MP: 6/6
  2839 | D:2      | Found Leostrop's Magic Scroll Shoppe.
  2848 | D:2      | Bought a scroll of blinking for 75 gold pieces
  2848 | D:2      | Bought a scroll of identify for 20 gold pieces
  3175 | D:2      | Bought a scroll of identify for 20 gold pieces
  3221 | D:3      | Killed Crazy Yiuf
  3306 | D:4      | Noticed Blork the orc
  3319 | D:4      | Killed Blork the orc
  3342 | D:4      | Gained mutation: You sometimes emit foul miasma when
                  | damaged in melee. [demonic ancestry]
  3342 | D:4      | Reached XP level 7. HP: 35/55 MP: 7/7
  3538 | D:5      | Entered Level 5 of the Dungeon
  3589 | D:4      | Reached skill level 5 in Axes
  3717 | D:4      | Reached skill level 1 in Dodging
  3841 | D:4      | Noticed Edmund
  3886 | D:4      | Killed Edmund
  4257 | D:4      | Reached skill level 6 in Axes
  4282 | D:5      | Gained mutation: You have a pair of small antennae on your
                  | head. [demonic ancestry]
  4282 | D:5      | Reached XP level 8. HP: 61/61 MP: 8/8
  4417 | D:5      | Found a hide-covered altar of Uskayaw.
  4432 | D:5      | Found a blossoming altar of Fedhas.
  4593 | D:2      | Bought 2 scrolls of identify for 40 gold pieces
  4666 | D:5      | Reached skill level 5 in Fighting
  4972 | D:5      | Found a staircase to the Ecumenical Temple.
  4978 | Temple   | Entered the Ecumenical Temple
  5546 | D:5      | Reached skill level 1 in Evocations
  5847 | D:5      | Reached skill level 7 in Axes
  6114 | D:7      | Found a flagged portal.
  6223 | Bailey   | Entered a bailey
  6243 | Bailey   | Reached skill level 5 in Armour
  6270 | Bailey   | Reached skill level 1 in Throwing
  6354 | Bailey   | Gained mutation: You frequently emit foul miasma when
                  | damaged in melee. [demonic ancestry]
  6354 | Bailey   | Reached XP level 9. HP: 62/68 MP: 9/9
  6368 | Bailey   | Noticed an orc knight
  6378 | Bailey   | Mangled by an orc warrior

Illustrated notes

Levels and vault maps discovered:
D:1:      spicycebolla_green_bress_n_ham_2, layout_basic, chequers_big_river
D:2:      layout_basic, serial_shops, shop,
          shapermc_ecumenical_altar_mp_highgroup, minmay_misc_feat_doors,
          kennysheep_generic_room_16, uniq_sigmund, uniq_terence
D:3:      layout_rooms, uniq_crazy_yiuf_cottage
D:4:      layout_rooms, minmay_strange_pillars, roderic_batcave,
          uniq_blork_the_orc, uniq_edmund
D:5:      minmay_evil_eye, layout_loops_corners,
          mainiacjoe_overflow_catwalk_spiral,
          minmay_temple_entry_enclosed_plants
D:6:      layout_loops_cross, nicolae_elevator_lobby_plus
D:7:      layout_basic, enter_bailey_5
D:8:      layout_loops_ring, nicolae_qazlal_scattered_showers
Temple:   zaba_magenta_temple
Bailey:   bailey_axe_3, bailey

Skill      XL: |  1  2  3  4  5  6  7  8 |
---------------+-------------------------+-----
Axes           | 2 3 4 6 7 |  7.3
Armour         | 3 4 5 |  5.0
Shields        | 3 4 |  4.6
Fighting       | 4 5 |  5.6
Dodging        | 1 |  1.3
Evocations     | 2 |  2.3
Throwing       | 1 |  1.0
Stealth        | |  0.4

Action                   |  1- 3 |  4- 6 |  7- 9 || total
-------------------------+-------+-------+-------++-------
Melee: War axe           |    71 |   151 |   266 ||   488
Throw: Dart              |       |     4 |       ||     4
       Boomerang         |       |       |    23 ||    23
Evoke: Wand              |       |       |     3 ||     3
  Use: Scroll            |       |    10 |     7 ||    17
       Potion            |       |     2 |     3 ||     5
Armor: Scale mail        |    44 |    49 |       ||    93
       Chain mail        |       |    16 |   177 ||   193
Dodge: Dodged            |    48 |    66 |    97 ||   211
Block: Buckler           |    18 |    37 |   138 ||   193
       Reflection        |       |       |    16 ||    16

Table legend: (Time is in decaauts)
 A = Elapsed time spent in this place.
 B = Non-inter-level travel time spent in this place.
 C = Inter-level travel time spent in this place.
 D = Time resting spent in this place.
 E = Time spent auto-exploring this place.
 F = Levels seen in this place.
 G = Mean time per level.
                   A        B        C        D        E       F      G
               +--------+--------+--------+--------+--------+-----+--------+
         Total |   6576 |   6310 |    266 |    500 |   2971 |  10 |  657.6 |
       Dungeon |   6251 |   5985 |    266 |    500 |   2971 |   8 |  781.4 |
        Temple |    156 |    156 |      0 |      0 |      0 |   1 |  156.0 |
        Bailey |    168 |    168 |      0 |      0 |      0 |   1 |  168.0 |
               +--------+--------+--------+--------+--------+-----+--------+

Top non-repeatable levels by time:
     D:1: 1494 daAuts
     D:5: 1339 daAuts
     D:4: 1199 daAuts
     D:2: 1118 daAuts
     D:3: 896 daAuts
  Bailey: 168 daAuts
  Temple: 156 daAuts
     D:6: 121 daAuts
     D:7: 61 daAuts
     D:8: 19 daAuts
